 Dungeon Crawl Stone Soup version 0.22-a0-833-g8522bf8125 (webtiles) character file.

1577 Banto the Covert (level 8, -8/46 HPs)
             Began as an Octopode Earth Elementalist on July 25, 2018.
             Was a Believer of Sif Muna.
             Mangled by an ice beast (13 damage)
             ... summoned by a crimson imp
             ... on level 5 of the Dungeon.
             The game lasted 00:14:15 (8271 turns).

Banto the Covert (Octopode Earth Elementalist)      Turns: 8271, Time: 00:14:16

Health: -8/46      AC:  2    Str:  8    XL:     8   Next: 91%
Magic:  9/11       EV: 13    Int: 19    God:    Sif Muna [**....]
Gold:   77         SH:  0    Dex: 12    Spells: 2/13 levels left

rFire    . . .     SeeInvis .   u - +2 dagger (elec)
rCold    . . .     Gourm    .   (no shield)
rNeg     . . .     Faith    .   (helmet restricted)
rPois    .         Spirit   .   (no amulet)
rElec    .         Reflect  .   m - ring of stealth
rCorr    .         Harm     .   (no ring)
MR       .....                  (no ring)
Stlth    ++++++....             (no ring)
HPRegen  0.15/turn              (no ring)
MPRegen  0.12/turn              (no ring)
                                (no ring)
                                (no ring)

@: lethally poisoned (-8 -> -10), divine energy
A: almost no armour, stealthy swim, amphibious, 8 rings, constrict 8, camouflage
1, low mp 1, shaggy fur 1, gelatinous body 1
a: Stop Divine Energy, Renounce Religion


You were on level 5 of the Dungeon.
You worshipped Sif Muna.
Sif Muna was pleased with you.
You were not hungry.

You visited 1 branch of the dungeon, and saw 5 of its levels.

You collected 301 gold pieces.
You spent 224 gold pieces at shops.

Inventory:

Hand Weapons
 u - a +2 dagger of electrocution (weapon)
Missiles
 a - a throwing net
 b - 113 stones (quivered)
Jewellery
 m - a ring of stealth (left tentacle)
Scrolls
 f - a scroll of enchant weapon {unknown}
 h - a scroll of blinking {unknown}
 i - 4 scrolls of remove curse
 l - a scroll of amnesia
 o - 3 scrolls of teleportation
Potions
 d - a potion of flight
 e - a potion of magic
 g - 3 potions of might
 r - 2 potions of haste
 s - a potion of heal wounds
 t - a potion of berserk rage
Comestibles
 c - 7 rations


   Skills:
 + Level 4.5 Short Blades
 - Level 2.0 Dodging
 + Level 8.7 Stealth
 - Level 3.0 Spellcasting
 + Level 4.7 Transmutations
 + Level 6.4 Earth Magic


You had 2 spell levels left.
You knew the following spells:

 Your Spells              Type           Power        Failure   Level  Hunger
a - Sandblast             Erth           ####..       1%          1    None
b - Passwall              Tmut/Erth      ###.....     2%          2    ##.....
c - Stone Arrow           Conj/Erth      ###...       12%         3    ###....
d - Petrify               Tmut/Erth      ###.....     16%         4    ####...
f - Animate Skeleton      Necr           N/A          16%         1    None

Your spell library contained the following spells:

 Spells                   Type           Power        Failure   Level  Hunger
 Animate Dead             Necr           N/A          83%         4    ####...
 Pain                     Necr           #...         16%         1    None
 Vampiric Draining        Necr           #.........   41%         3    ###....
 Regeneration             Chrm/Necr      #.........   41%         3    ###....
 Lee's Rapid Deconstruct  Erth           ####......   30%         5    ######.


Dungeon Overview and Level Annotations

Branches:
Dungeon (5/15)             Temple (0/1) D:4

Altars:
Elyvilon
Nemelex Xobeh
Qazlal
Ru
Sif Muna
Wu Jian
Xom
Zin
The Shining One

Shops:
D:4 %%([   D:5 !

Annotations:
D:5 Dowan, Duvessa


Innate Abilities, Weirdness & Mutations

You cannot wear most types of armour.
You are very stealthy in the water. (Stealth+)
You are amphibious.
You can wear up to eight rings at the same time.
You can use your tentacles to constrict eight enemies at once.
Your skin changes colour to match your surroundings (Stealth+).
Your rubbery body absorbs attacks. (AC +1, EV +1)
Your magical capacity is low. (-10% MP)
You are covered in fur. (AC +1)


Message History

Confirm with . or Enter, or press ? or * to list all spells.
Aiming: Passwall (safe; 2% risk of failure)
Press: ? - help, Dir - move target cursor A rock wall.
You constrict the crimson imp. The crimson imp hits you.
The adder barely misses you. The ogre closely misses you.
The crimson imp spits at you. The crimson imp completely misses you.
The quokka skeleton barely misses you. The ice beast hits you.
The ice beast freezes you!
* * * LOW HITPOINT WARNING * * *
The crimson imp blinks!
You begin to meditate on the wall.
You continue meditating on the rock.
You constrict the crimson imp. The adder barely misses you.
The crimson imp misses you. The crimson imp barely misses you.
The quokka skeleton bites you.
* * * LOW HITPOINT WARNING * * *
The ice beast hits you.
* * * LOW HITPOINT WARNING * * *
The ice beast freezes you!
You die...

###### #....# #####.##.##
.............###### ....#
#..........# #########....#
####..##...#
#........###.#######..##.[.#
#........##5Sr.........))...
#........##@O#......[.###..#
#........'5ZY'........# #..#
#........##..#........# #...
#........##..#........# #.#.
####...####..#######..# #...
#...# #..# #..# ###. #...#
#..# #..#####. #...# #..#
#<....... #...# ..#
#........


You could see an ice beast, an ogre, 2 crimson imps, an adder, a quokka and a
quokka skeleton.

Vanquished Creatures
  Sigmund (D:5)
  A sky beast (D:5)
  A centaur (D:5)
  2 phantoms
  2 scorpions (D:5)
  3 wights (D:5)
  3 crimson imps (D:5)
  A centaur zombie (D:5)
  3 orc priests
  A hound (D:5)
  A jelly (D:5)
  A bullfrog skeleton (D:4)
  7 orc wizards
  5 worker ants
  A hound skeleton (D:3)
  Robin (D:2)
  8 adders
  An ooze (D:2)
  2 worms
  2 leopard geckos
  24 orcs
  7 giant cockroaches
  12 goblins
  11 hobgoblins
  4 quokkas
  A ball python (D:1)
  7 bats
  6 frilled lizards
  A jackal skeleton (D:4)
  16 kobolds
  10 rats
146 creatures vanquished.

Notes
Turn   | Place    | Note
-------+----------+-------------------------------------------
     0 | D:1      | Banto the Octopode Earth Elementalist began the quest for the Orb.
     0 | D:1      | Reached XP level 1. HP: 11/11 MP: 3/3
    65 | D:1      | Reached skill level 3 in Stealth
   220 | D:1      | Reached XP level 2. HP: 16/17 MP: 5/5
   707 | D:1      | You fall through a shaft!
   720 | D:2      | Noticed Robin
   751 | D:2      | Found a deep blue altar of Sif Muna.
   752 | D:2      | Found a sacrificial altar of Ru.
   766 | D:2      | Found a glowing silver altar of Zin.
  1238 | D:2      | Reached XP level 3. HP: 21/21 MP: 6/6
  1255 | D:2      | Killed Robin
  1255 | D:2      | Reached skill level 4 in Stealth
  1881 | D:2      | Reached XP level 4. HP: 13/27 MP: 3/7
  2152 | D:2      | Reached skill level 5 in Stealth
  2169 | D:2      | Found an ornate altar of the Wu Jian Council.
  2169 | D:2      | Found a sparkling altar of Nemelex Xobeh.
  2171 | D:2      | Found a white marble altar of Elyvilon.
  2174 | D:2      | Found a stormy altar of Qazlal.
  2278 | D:2      | Learned a level 2 spell: Passwall
  2282 | D:2      | Learned a level 3 spell: Stone Arrow
  2289 | D:2      | Found a glowing golden altar of the Shining One.
  2326 | D:2      | Became a worshipper of Sif Muna the Loreminder
  2387 | D:2      | Reached XP level 5. HP: 25/31 MP: 8/8
  2532 | D:2      | Found a faded altar of an unknown god.
  2724 | D:3      | Reached skill level 1 in Short Blades
  3007 | D:3      | Reached XP level 6. HP: 13/36 MP: 9/9
  4172 | D:3      | Learned a level 4 spell: Petrify
  4204 | D:4      | Noticed a phantom
  4222 | D:4      | Killed a phantom
  4222 | D:4      | Reached * piety under Sif Muna
  4222 | D:4      | Reached skill level 6 in Stealth
  4484 | D:4      | Reached XP level 7. HP: 26/41 MP: 4/11
  4510 | D:4      | Reached skill level 5 in Earth Magic
  4967 | D:4      | Found Xenommu's Food Shop.
  4968 | D:4      | Found Xunopety's Weapon Shop.
  4969 | D:4      | Found Siutaw's Food Shop.
  4969 | D:4      | Found Kaip Gipt's Antique Armour Shop.
  5071 | D:4      | Found a staircase to the Ecumenical Temple.
  5323 | D:4      | Learned a level 1 spell: Animate Skeleton
  5528 | D:5      | Entered Level 5 of the Dungeon
  5873 | D:5      | Found a shimmering altar of Xom.
  5880 | D:5      | Found Zumo's Distillery.
  5889 | D:5      | Bought a potion of mutation for 112 gold pieces
  5889 | D:5      | Gained mutation: Your magical capacity is low. (-10% MP) [potion of mutation]
  5889 | D:5      | Gained mutation: You are covered in fur. (AC +1) [potion of mutation]
  5890 | D:5      | Bought a potion of curing for 42 gold pieces
  5890 | D:5      | Bought a potion of heal wounds for 70 gold pieces
  5999 | D:5      | Reached skill level 7 in Stealth
  6076 | D:5      | Reached XP level 8. HP: 46/46 MP: 7/11
  6591 | D:5      | Noticed Duvessa
  6594 | D:5      | Noticed Dowan
  6595 | D:5      | Noticed Sigmund
  7499 | D:5      | Killed Sigmund
  7535 | D:5      | Reached skill level 8 in Stealth
  7995 | D:5      | Reached ** piety under Sif Muna
  8271 | D:5      | Mangled by an ice beast

Vault maps used:
D:1:      eino_arrival_cavern_d, serial_bayou_lake_a
D:2:      grunt_temple_overflow_open, chequers_ecumenical_altar_grove,
          first_ration, uniq_robin
D:4:      minmay_temple_entry_poolview, minmay_shop_grid_forest
D:5:      led_xom_imps, serial_shops,
          nicolae_shop_temple_entry_statues_fountains, uniq_sigmund,
          uniq_duvessa

Skill      XL: |  1  2  3  4  5  6  7  8 |
---------------+-------------------------+-----
Stealth        | 3 4 5 6 7 8 |  8.7
Earth Magic    | 4 5 6 |  6.4
Short Blades   | 1 2 3 4 |  4.5
Transmutations | 2 3 4 |  4.7
Spellcasting   | 3 |  3.0
Dodging        | |  2.0

Action                   |  1- 3 |  4- 6 |  7- 9 || total
-------------------------+-------+-------+-------++-------
Melee: Constrict         |    18 |    19 |    15 ||    52
       Dagger            |    35 |    74 |    86 ||   195
       Unarmed           |     4 |       |       ||     4
       Tentacles         |     7 |    16 |    10 ||    33
       Short sword       |    18 |    10 |       ||    28
       Club              |     3 |       |       ||     3
 Cast: Sandblast         |    10 |    53 |    49 ||   112
       Passwall          |       |     2 |    10 ||    12
       Stone Arrow       |       |     1 |       ||     1
       Petrify           |       |       |    12 ||    12
Invok: Divine Energy     |       |     1 |       ||     1
  Use: Scroll            |       |     4 |    10 ||    14
       Potion            |       |     3 |     5 ||     8
 Stab: Sleeping          |    12 |    14 |    13 ||    39
       Petrified         |       |       |     7 ||     7
       Distracted        |       |       |     1 ||     1
  Eat: Chunk             |     3 |     9 |     8 ||    20
       Ration            |       |       |     2 ||     2
Armor: Skin              |     9 |     5 |     3 ||    17
Dodge: Dodged            |    59 |    71 |    74 ||   204

Table legend:
 A = Spawn XP
 B = Non-spawn XP
 C = Spawn XP percentage of total XP
 D = Spawn monster count
 E = Non-spawn monster count
 F = Spawn count percentage of total count
 G = Total turns spent on level
                    A         B        C        D         E        F      G
               +---------+---------+-------+---------+---------+-------+---------
         Total |       0 |    2254 |   0.0 |       0 |     146 |   0.0 |  8271
               +---------+---------+-------+---------+---------+-------+---------
           D:1 |       0 |      32 |   0.0 |       0 |      21 |   0.0 |  1586
           D:2 |       0 |     150 |   0.0 |       0 |      36 |   0.0 |  1620
           D:3 |       0 |     224 |   0.0 |       0 |      35 |   0.0 |   996
           D:4 |       0 |     528 |   0.0 |       0 |      29 |   0.0 |  2505
           D:5 |       0 |    1320 |   0.0 |       0 |      25 |   0.0 |  1564
               +---------+---------+-------+---------+---------+-------+---------

Table legend:
 A = Turns spent in this place as a percentage of turns spent in the entire game.
 B = Non-inter-level travel turns spent in this place as a percentage of non-inter-level travel turns spent in the entire game.
 C = Inter-level travel turns spent in this place as a percentage of turns spent in this place.
 D = Turns resting spent in this place as a percentage of non-inter-level travel turns spent in this place.
 E = Turns spent auto-exploring this place as a percentage of non-inter-level travel turns spent in this place.
 F = Non-inter-level travel turns spent in this place divided by the number of levels of this place that you've seen.
                   A       B       C       D       E      F
               +-------+-------+-------+-------+-------+----------------------
         Total | 100.0 | 100.0 |   3.3 |  45.7 |  28.9 | 1598.8
       Dungeon | 100.0 | 100.0 |   3.3 |  45.7 |  28.9 | 1598.8
               +-------+-------+-------+-------+-------+----------------------

Table legend:
 A = Kills in this place as a percentage of kills in entire the game.
 B = Kills by you in this place as a percentage of kills by you in the entire game.
 C = Kills by friends in this place as a percentage of kills by friends in the entire game.
 D = Other kills in this place as a percentage of other kills in the entire game.
 E = Experience gained in this place as a percentage of experience gained in the entire game.
 F = Experience gained in this place divided by the number of levels of this place that you have seen.
                   A       B       C       D       E      F
               +-------+-------+-------+-------+-------+----------------------
         Total | 100.0 | 100.0 |   N/A |   N/A | 100.0 | 450.8
       Dungeon | 100.0 | 100.0 |   N/A |   N/A | 100.0 | 450.8
               +-------+-------+-------+-------+-------+----------------------
